Map: Pillars of Gold LE

Players

Has - Winner!

  • Race: Protoss Protoss
  • Spawn Location: 1:00

Nice

  • Race: Protoss Protoss
  • Spawn Location: 7:00

Event: DreamHack SC2 Masters 2020 Fall

VOD

Have the link to the VOD?

Description

Time

  • Played on: Aug. 30, 2020, 9:33 a.m.
  • Length: 15:42

All games in this series

Show
View Real Time Build Order
Export as new Build Order

Has Protoss - Winner!

Build Orders: 1 Gate Expand, Phoenix Opening, Zealot Archon 

Get SALT Encoding   

  12  0:00  Probe  
  13  0:12  Probe  
  14  0:20  Pylon  
  14  0:24  Probe  
  15  0:38  Probe (Chrono Boost)  
  15  0:41  Gateway  
  16  0:47  Assimilator, Probe (Chrono Boost)  
  17  0:52  Probe (Chrono Boost)  
  18  1:04  Probe  
  20  1:18  Probe  
  20  1:25  Nexus  
  20  1:35  Cybernetics Core  
  20  1:38  Probe  
  21  1:43  Assimilator  
  21  1:51  Pylon  
  21  1:54  Probe  
  22  2:06  Probe  
  23  2:09  Adept (Chrono Boost)  
  25  2:18  Probe  
  26  2:24  Stargate  
  26  2:32  Stalker  
  26  2:34  Shield Battery  
  28  2:43  Probe x2  
  30  2:49  Warp Gate  
  30  2:57  Pylon  
  30  3:10  Phoenix (Chrono Boost)  
  30  3:11  Probe x2  
  34  3:19  Shield Battery  
  34  3:23  Probe x2  
  32  3:35  Probe x2  
  32  3:39  Phoenix (Chrono Boost)  
  33  3:47  Probe (Chrono Boost)  
  31  3:52  Probe (Chrono Boost)  
  28  4:01  Probe (Chrono Boost)  
  28  4:02  Phoenix  
  30  4:06  Probe (Chrono Boost)  
  31  4:11  Probe (Chrono Boost)  
  32  4:18  Probe (Chrono Boost)  
  32  4:23  Probe (Chrono Boost)  
  34  4:26  Probe (Chrono Boost)  
  34  4:28  Probe (Chrono Boost)  
  36  4:32  Probe  
  36  4:38  Probe  
  38  4:43  Robotics Facility  
  38  4:44  Probe (Chrono Boost)  
  39  4:50  Stalker  
  42  4:55  Shield Battery, Probe (Chrono Boost)  
  42  4:57  Probe (Chrono Boost)  
  43  5:00  Pylon  
  43  5:03  Probe (Chrono Boost)  
  43  5:04  Probe (Chrono Boost)  
  45  5:13  Probe  
  46  5:18  Probe  
  47  5:21  Phoenix  
  47  5:27  Pylon  
  50  5:30  Immortal (Chrono Boost), Probe  
  50  5:34  Assimilator  
  54  5:45  Probe  
  54  5:46  Gateway  
  55  5:51  Probe  
  55  5:56  Pylon  
  56  5:57  Probe  
  56  5:59  Immortal (Chrono Boost)  
  61  6:04  Probe  
  61  6:09  Probe  
  62  6:15  Twilight Council  
  62  6:19  Probe  
  62  6:21  Gateway  
  62  6:24  Gateway  
  63  6:26  Assimilator  
  63  6:28  Pylon x2  
  63  6:29  Probe  
  65  6:33  Observer (Chrono Boost)  
  65  6:35  Sentry  
  67  6:40  Gateway, Probe  
  67  6:41  Probe  
  67  6:50  Warp Prism  
  69  7:01  Stalker  
  71  7:03  Charge (Chrono Boost)  
  71  7:08  Templar Archives  
  71  7:11  Gateway  
  71  7:17  Gateway  
  71  7:18  Probe  
  71  7:19  Zealot x2  
  75  7:32  Zealot x2  
  79  7:37  Probe  
  79  7:38  Pylon  
  80  7:45  Shield Battery  
  80  7:46  Observer  
  80  7:47  High Templar x2  
  80  7:48  Probe  
  86  7:53  Pylon  
  86  7:54  Archon  
  86  7:55  Pylon  
  86  7:57  Pylon  
  86  8:12  Forge, High Templar x2  
  88  8:13  Zealot x2  
  88  8:14  Zealot  
  88  8:17  Archon  
  88  8:18  Observer  
  97  8:34  Probe  
  97  8:37  Protoss Ground Weapons Level 1 (Chrono Boost)  
  97  8:38  Nexus  
  97  8:39  Warp Prism, Pylon  
  96  8:52  Probe  
  96  8:56  Photon Cannon  
  96  9:00  Zealot x3, High Templar x2  
  105  9:04  Archon  
  105  9:05  Pylon  
  105  9:08  Zealot  
  107  9:11  Zealot  
  109  9:19  Pylon  
  109  9:24  Zealot x2, Probe  
  114  9:38  High Templar  
  114  9:39  Zealot, High Templar  
  114  9:40  Zealot x2  
  114  9:44  Archon  
  124  9:49  Probe x2  
  124  9:51  Robotics Bay  
  127  10:00  Shield Battery x2  
  127  10:05  Immortal (Chrono Boost)  
  126  10:11  Phoenix  
  132  10:28  Assimilator x2  
  132  10:29  Shield Battery  
  132  10:35  Robotics Facility  
  132  10:38  Disruptor (Chrono Boost)  
  132  10:39  Phoenix  
  137  10:50  Protoss Ground Weapons Level 2  
  137  10:51  Pylon  
  137  11:04  Stargate  
  139  11:09  Phoenix  
  139  11:11  Phoenix, Probe x2  
  141  11:12  Disruptor (Chrono Boost), Probe  
  145  11:25  Disruptor (Chrono Boost)  
  145  11:28  Phoenix  
  145  11:31  Probe  
  149  11:33  Nexus  
  149  11:34  Pylon  
  149  11:35  Pylon  
  149  11:36  Pylon  
  151  11:41  Disruptor (Chrono Boost)  
  151  11:42  Photon Cannon  
  151  11:46  Photon Cannon  
  152  12:05  Probe  
  152  12:07  Disruptor (Chrono Boost)  
  156  12:12  Disruptor (Chrono Boost), Phoenix x2  
  163  12:16  Pylon  
  163  12:19  Nexus  
  163  12:20  Pylon  
  161  12:39  Disruptor  
  164  12:54  Disruptor  
  165  13:06  Zealot x2  
  165  13:07  Zealot x5  
  158  13:16  Probe  
  158  13:17  Disruptor  
  145  13:28  Phoenix x2 (Chrono Boost)  
  145  13:29  Disruptor  
  140  13:35  Probe x2  
  140  13:36  Probe  
  140  13:37  Probe  
  140  13:38  Photon Cannon  
  144  13:47  Observer  
  144  13:50  Phoenix x2 (Chrono Boost)  
  144  13:53  Disruptor, Zealot x3, High Templar x2  
  144  13:54  Zealot x2  
  165  13:57  Archon  
  165  14:03  Assimilator  
  165  14:05  Assimilator, Shield Battery, Probe x4  
  169  14:12  Disruptor  
  172  14:27  Zealot x3  
  172  14:28  Disruptor, Zealot x3  
  172  14:29  Zealot  
  183  14:35  Probe x2  
  178  14:39  Probe x2  
  180  14:46  Phoenix (Chrono Boost)  
  180  14:47  Phoenix (Chrono Boost), Probe  
  185  14:55  High Templar  
  185  14:56  High Templar x3  
  193  15:00  Zealot, Archon x2  
  193  15:01  Probe  
  193  15:05  Probe x2  
  198  15:07  Pylon  
  198  15:16  Pylon  
Show
View Real Time Build Order
Export as new Build Order

Nice Protoss 

Build Orders: Oracle Opening 

Get SALT Encoding   

  12  0:00  Probe  
  13  0:12  Probe  
  14  0:21  Pylon  
  14  0:24  Probe  
  15  0:39  Probe (Chrono Boost)  
  15  0:40  Gateway  
  16  0:49  Assimilator  
  17  0:50  Probe (Chrono Boost)  
  17  0:54  Assimilator  
  17  0:55  Probe (Chrono Boost)  
  18  1:07  Probe (Chrono Boost)  
  18  1:11  Gateway  
  19  1:15  Probe (Chrono Boost)  
  20  1:21  Probe  
  21  1:28  Cybernetics Core  
  21  1:33  Probe  
  22  1:40  Pylon  
  22  1:45  Probe  
  23  2:04  Stargate  
  23  2:08  Adept x2  
  27  2:13  Warp Gate  
  27  2:14  Probe  
  28  2:21  Pylon  
  28  2:38  Adept  
  28  2:39  Adept  
  32  2:45  Pylon  
  32  2:47  Oracle (Chrono Boost)  
  35  3:13  Nexus  
  33  3:32  Oracle  
  35  3:42  Pylon  
  30  4:03  Probe  
  29  4:14  Stalker x2  
  29  4:15  Probe (Chrono Boost)  
  29  4:16  Twilight Council  
  34  4:18  Gateway  
  32  4:26  Probe (Chrono Boost)  
  32  4:30  Probe (Chrono Boost)  
  34  4:35  Pylon  
  36  4:39  Stalker  
  36  4:40  Stalker  
  36  4:41  Probe (Chrono Boost)  
  36  4:43  Probe (Chrono Boost)  
  40  4:48  Shield Battery  
  41  4:53  Blink (Chrono Boost)  
  41  4:54  Probe  
  41  5:00  Probe  
  38  5:18  Adept x2  
  38  5:19  Stalker  
  38  5:20  Probe  
  44  5:21  Probe  
  44  5:29  Pylon  
  44  5:32  Probe  
  44  5:33  Probe  
  46  5:40  Robotics Facility  
  45  5:44  Probe  
  45  5:47  Stalker  
  45  5:48  Probe  
  49  5:55  Stalker  
  51  5:57  Probe  
  51  6:00  Probe  
  53  6:07  Stalker  
  53  6:10  Probe  
  52  6:12  Probe  
  52  6:14  Forge  
  53  6:21  Pylon  
  53  6:22  Probe  
  53  6:23  Assimilator  
  54  6:26  Probe  
  54  6:27  Observer  
  54  6:28  Sentry  
  58  6:36  Probe (Chrono Boost)  
  58  6:39  Probe (Chrono Boost), Stalker  
  59  6:47  Protoss Ground Weapons Level 1  
  59  6:48  Probe (Chrono Boost)  
  61  6:55  Probe (Chrono Boost)  
  61  6:57  Probe (Chrono Boost)  
  61  7:00  Observer  
  62  7:03  Probe  
  63  7:09  Charge (Chrono Boost)  
  63  7:10  Nexus, Probe  
  63  7:12  Pylon  
  63  7:15  Probe  
  65  7:17  Sentry  
  65  7:20  Gateway  
  66  7:30  Stalker x2  
  66  7:35  Observer  
  69  7:39  Immortal (Chrono Boost)  
  69  7:41  Gateway  
  73  7:53  Photon Cannon, Pylon  
  73  7:55  Sentry  
  75  8:04  Probe x2  
  75  8:07  Zealot x2  
  79  8:14  Gateway  
  79  8:17  Photon Cannon, Probe x2  
  80  8:30  Observer  
  80  8:33  Gateway  
  83  8:35  Zealot x3  
  77  8:50  Zealot x2  
  77  8:57  Zealot x3  
  77  9:00  Templar Archives  
  77  9:02  Assimilator  
  83  9:14  Shield Battery x2  
  83  9:15  Shield Battery  
  83  9:18  Zealot x2  
  83  9:24  Zealot x2  
  91  9:31  Pylon  
  91  9:34  Zealot  
  91  9:37  High Templar x2  
  97  9:41  High Templar, Archon  
  97  9:42  High Templar  
  101  9:46  Archon  
  101  9:47  Shield Battery  
  101  9:48  Protoss Ground Weapons Level 2 (Chrono Boost)  
  101  9:49  Probe  
  101  9:50  Probe x2  
  104  10:01  Probe  
  104  10:02  Probe x2  
  104  10:06  Gateway  
  107  10:07  Pylon  
  107  10:14  Probe x3  
  110  10:22  Warp Prism (Chrono Boost)  
  112  10:30  Assimilator, Pylon, Probe x2  
  112  10:31  Probe  
  112  10:32  Assimilator  
  115  10:36  Pylon  
  115  10:39  High Templar x2  
  119  10:44  Stalker x2  
  119  10:45  Archon  
  123  10:53  Photon Cannon  
  123  10:58  Immortal (Chrono Boost)  
  123  11:03  Robotics Bay  
  127  11:09  Pylon  
  127  11:10  Probe x2  
  129  11:19  Zealot x3, High Templar x2  
  129  11:23  Probe  
  129  11:25  Archon  
  140  11:32  Pylon  
  140  11:38  Robotics Facility  
  140  11:48  Nexus, Probe x2  
  140  11:51  Pylon  
  140  11:52  High Templar x2  
  146  12:01  Disruptor (Chrono Boost)  
  138  12:06  Stalker x5  
  138  12:08  Probe x2  
  153  12:12  Probe  
  154  12:17  Photon Cannon  
  154  12:20  Probe x2  
  155  12:24  Stalker  
  155  12:25  Stalker  
  155  12:27  High Templar  
  157  12:30  High Templar  
  157  12:34  Disruptor  
  157  12:40  Stalker  
  157  12:41  Archon  
  157  12:42  Probe x3  
  160  12:46  Disruptor  
  157  13:10  Disruptor (Chrono Boost)  
  133  13:15  Zealot x3  
  133  13:16  Zealot x4  
  93  13:23  Disruptor (Chrono Boost)  
  79  13:35  High Templar  
  79  13:37  High Templar x3  
  79  13:38  Zealot x4  
  79  13:41  Archon  
  95  13:43  Archon  
  95  13:44  Disruptor (Chrono Boost)  
  98  13:54  Probe x3  
  101  14:09  Stalker x3  
  107  14:11  Observer  
  107  14:12  Pylon  
  108  14:18  Stalker x2  
  108  14:21  Stalker  
  113  14:24  Probe  
  112  14:44  High Templar x2  
  116  14:48  Sentry  
  116  14:49  Archon  
  116  14:52  Nexus  
  118  14:53  Pylon  
  118  15:05  Disruptor (Chrono Boost), Stalker x3  
  118  15:06  Stalker x2  
  128  15:08  Probe  
  128  15:10  Disruptor (Chrono Boost)  

Tags
 
Add a new tag
Caveats
  • Supply blocks, unpowered buildings, or Contaminate may cause inaccurate times.
  • Supply counts are checked every 10 seconds.